 Dungeon Crawl Stone Soup version 0.26.1-2-gb8aa6d0cf2 (webtiles) character file.

Game seed: 9131529838805290641

499 DearestLeader the Jinx (level 6, -12/28 HPs)
             Began as a Spriggan Enchanter on Mar 17, 2021.
             Killed by divine providence
             ... invoked by an orc priest
              (14 damage)
             ... on level 5 of the Dungeon.
             The game lasted 00:21:43 (8937 turns).

DearestLeader the Jinx (Spriggan Enchanter)         Turns: 8937, Time: 00:21:44

Health: -12/28     AC:  2    Str:  4    XL:     6   Next: 94%
Magic:  1/11       EV: 18    Int: 19    God:
Gold:   306        SH:  0    Dex: 16    Spells: 1/10 levels left

rFire    . . .     SeeInvis +   a - +1 dagger
rCold    . . .     Faith    .   (shield restricted)
rNeg     . . .     Spirit   .   b - +0 robe
rPois    .         Reflect  .   (helmet restricted)
rElec    .         Harm     .   (no cloak)
rCorr    .         Rampage  .   (gloves unavailable)
Will     +....                  (boots unavailable)
Stlth    ++++......             d - amulet of the acrobat
HPRegen  0.09/turn              (no ring)
MPRegen  0.12/turn              (no ring)

@: very quick
A: very small, unfitting armour, see invisible, speed 3
a: no special abilities


You were on level 5 of the Dungeon.
You visited 2 branches of the dungeon, and saw 6 of its levels.

You collected 306 gold pieces.

Inventory:

Hand Weapons
 a - a +1 dagger (weapon)
Armour
 b - a +0 robe (worn)
Jewellery
 d - an amulet of the acrobat (around neck)
 r - an uncursed amulet of faith {unknown}
Wands
 o - a wand of acid (5)
Scrolls
 f - 3 scrolls of magic mapping
 g - a scroll of fear
 i - 2 scrolls of remove curse
 k - a scroll of enchant armour {unknown}
 l - a scroll of amnesia {unknown}
 m - a scroll of fog {unknown}
 n - a scroll of enchant weapon {unknown}
Potions
 c - 2 potions of berserk rage {unknown}
 e - 2 potions of might {unknown}
 h - a potion of heal wounds {unknown}
 j - 3 potions of attraction {unknown}
 p - 2 potions of curing {unknown}
 q - a potion of degeneration {unknown}


   Skills:
 - Level 1.1 Short Blades
 - Level 3.0 Dodging
 * Level 8.0 Stealth
 - Level 2.6 Spellcasting
 + Level 8.0 Hexes


You had one spell level left.
You knew the following spells:

 Your Spells              Type           Power        Failure   Level
a - Corona                Hex            36%          1%          1
b - Ensorcelled Hibernat  Hex/Ice        34%          4%          2
c - Dazzling Flash        Conj/Hex       34%          9%          3
d - Tukima's Dance        Hex            33%          1%          3

Your spell library contained the following spells:

 Spells                   Type           Power        Failure   Level
 Confusing Touch          Hex            33%          1%          3


Dungeon Overview and Level Annotations

Branches:
Dungeon (5/15)             Temple (1/1) D:4

Altars:
Elyvilon
Hepliaklqana
Kikubaaqudgha
Makhleb
Nemelex Xobeh
Qazlal
Ru
Sif Muna
Vehumet
Wu Jian
Xom
Yredelemnul
Zin

Annotations:
D:4 1 runed translucent door


Innate Abilities, Weirdness & Mutations

You are very small and have problems with some larger weapons.
You are too small for most types of armour.
You have supernaturally acute eyesight. (SInv)
You cover ground extremely quickly.


Message History

Casting: Ensorcelled Hibernation (safe; 4% risk of failure)
Confirm with . or Enter, or press ? or * to list all spells.
Aiming: Corona (safe; 1% risk of failure)
Press: ? - help, Shift-Dir - straight line, f/p - orc priest
Aim: an orc priest, wielding a +0 club (moderately wounded, chance to affect: 72%)
The orc priest is outlined in light.
The orc priest hits you with a +0 club.
You hit the orc priest but do no damage.
The orc priest is moderately wounded.
The orc priest miscasts a cantrip.
You hit the orc priest.
The orc priest is moderately wounded.
The orc priest invokes the aid of Beogh against you.
Pain shoots through your body!
* * * LOW HITPOINT WARNING * * *
You hit the orc priest.
The orc priest is heavily wounded.
The orc priest calls down the wrath of Beogh upon you.
Beogh smites you!
Ouch! That really hurt!
You die...

#..###.#...###..#.#.#
#..###.##.###...#...#
#.............#####.#
#..###.######...#...#
#..# #.# ##..#.###
#†.# #.# #....# #..#
#.# #.#.## ...# #..
.. #.# #..# ### ##
#@# #..# #o# #..# ..#
#... ####


You could see an orc priest (corona).

Vanquished Creatures
  A bullfrog skeleton (D:4)
  7 orc wizards
  A worker ant (D:4)
  A killer bee zombie (D:5)
  A worker ant zombie (D:3)
  9 adders
  3 worms
  2 dart slugs
  9 leopard geckos
  25 orcs
  A ball python (D:3)
  8 bats
  4 giant cockroaches
  5 goblins
  2 hobgoblins (D:2)
  4 jackals (D:1)
  10 kobolds
  3 quokkas
  2 frilled lizards
  A goblin zombie (D:4)
  2 jackal skeletons (D:4)
  3 rats
104 creatures vanquished.

Vanquished Creatures (collateral kills)
  An orc (D:3)
1 creature vanquished.

Vanquished Creatures (others)
  A fungus (D:1)
  18 plants (D:3)
  5 toadstools (D:1)
24 creatures vanquished.

Grand Total: 129 creatures vanquished

Notes
Turn   | Place    | Note
-------+----------+-------------------------------------------
     0 | D:1      | DearestLeader the Spriggan Enchanter began the quest for
                  | the Orb.
     0 | D:1      | Reached XP level 1. HP: 9/9 MP: 5/5
   260 | D:1      | Reached XP level 2. HP: 4/13 MP: 3/6
   505 | D:1      | Learned a level 2 spell: Ensorcelled Hibernation
  1400 | D:2      | Reached skill level 5 in Stealth
  1408 | D:2      | Found a sacrificial altar of Ru.
  1573 | D:2      | Reached XP level 3. HP: 16/16 MP: 5/8
  1712 | D:2      | Found a stormy altar of Qazlal.
  2274 | D:2      | Reached skill level 5 in Hexes
  2829 | D:3      | Reached XP level 4. HP: 20/21 MP: 6/9
  4228 | D:2      | Reached XP level 5. HP: 15/24 MP: 4/10
  5138 | D:3      | Found a shimmering blue altar of Sif Muna.
  5826 | D:3      | Learned a level 3 spell: Dazzling Flash
  5830 | D:3      | Learned a level 3 spell: Tukima's Dance
  6039 | D:4      | Reached XP level 6. HP: 28/28 MP: 8/11
  6138 | D:3      | Found a white marble altar of Elyvilon.
  6176 | D:4      | Found a staircase to the Ecumenical Temple.
  6191 | Temple   | Entered the Ecumenical Temple
  6565 | D:5      | Entered Level 5 of the Dungeon
  8754 | D:4      | Found a runed translucent door.
  8754 | D:4      | Noticed a human
  8757 | D:4      | Found a basalt altar of Yredelemnul.
  8937 | D:5      | Killed from afar by an orc priest

Illustrated notes

Levels and vault maps discovered:
D:1:      amcnicky_arrival_underground_garden, layout_basic,
          minmay_gold_behind_fungi
D:2:      layout_basic, nicolae_qazlal_eye_of_the_storm, glass_columns_b,
          nicolae_ru_great_annihilating_truth
D:3:      layout_loops_corners, nicolae_overflow_hidden_temple,
          old_standard_altar, lexackson_kobold_supper
D:4:      layout_basic, tso_altar, minmay_temple_entry_purple_smoke,
          dk_yredelemnul_ordeal
D:5:      layout_loops_ring, grunt_temple_overflow_open
Temple:   compressed_dpeg_circular_temple

Skill      XL: |  1  2  3  4  5  6 |
---------------+-------------------+-----
Hexes          | 4 5 6 7 8 |  8.0
Stealth        | 5 6 7 8 |  8.0
Short Blades   | |  1.1
Dodging        | |  3.0
Spellcasting   | |  2.6

Action                   |  1- 3 |  4- 6 || total
-------------------------+-------+-------++-------
Melee: Dagger            |    87 |   213 ||   300
 Cast: Corona            |    10 |    19 ||    29
       Ensorcelled Hiber |    29 |   100 ||   129
       Tukima's Dance    |       |     3 ||     3
  Use: Scroll            |     2 |     2 ||     4
 Stab: Sleeping          |    27 |    59 ||    86
       Invisible         |     1 |       ||     1
       Paralysed         |     1 |       ||     1
       Distracted        |       |     2 ||     2
Armor: Robe              |    15 |     6 ||    21
Dodge: Dodged            |    90 |   182 ||   272
